 Dungeon Crawl Stone Soup version 0.18-a0-1788-g92de1ac (webtiles) character file.

227 TheGoonsmith the Conjurer (level 5, -3/38 HPs)
             Began as a Draconian Conjurer on Apr 19, 2016.
             Killed from afar by a white imp (7 damage)
             ... with a puff of frost
             ... summoned by Natasha
             ... on level 3 of the Dungeon.
             The game lasted 00:04:46 (2889 turns).

TheGoonsmith the Conjurer (Draconian Conjurer)      Turns: 2889, Time: 00:04:47

Health: -3/38      AC:  0    Str: 10    XL:     5   Next: 70%
Magic:  4/11       EV: 18    Int: 17    God:
Gold:   64         SH:  0    Dex: 11    Spells: 2 memorised, 9 levels left

rFire  . . .     SeeInvis .     (weapon currently unavailable)
rCold  . . .     Gourm    .     (armour unavailable)
rNeg   . . .     Faith    .     (shield currently unavailable)
rPois  .         Spirit   .     (helmet currently unavailable)
rElec  .         Dismiss  .     (cloak currently unavailable)
rCorr  .         Reflect  .     (gloves currently unavailable)
SustAt .         Harm     .     (boots currently unavailable)
MR     .....                    (amulet currently unavailable)
Stlth  ++........               (ring currently unavailable)
                                (ring currently unavailable)

@: porcupine-form (expiring), quick, not resistant to hostile enchantments,
unstealthy
A: unfitting armour, (cold-blooded), AC +5
a: no special abilities


You were on level 3 of the Dungeon.
You were not hungry.
You were a spiny porcupine.
You visited 1 branch of the dungeon, and saw 3 of its levels.
You also visited: Sewer.

You collected 64 gold pieces.

Inventory:

Hand Weapons
 d - a +0 spear (melded)
 r - a +0 war axe
Rods
 l - a +0 rod of inaccuracy (10/10)
   (You found it on level 2 of the Dungeon)
Jewellery
 k - an amulet of rage (melded)
 m - a ring of poison resistance (melded)
Scrolls
 c - a scroll of remove curse
 e - a scroll of identify
 p - 2 scrolls of fog
Potions
 f - a potion of curing
 g - 3 potions of heal wounds {unknown}
 h - a potion of brilliance {unknown}
 i - a potion of magic {unknown}
 n - 2 potions of flight {unknown}
Books
 a - a book of Conjurations

   Spells                             Type                      Level
   a - Magic Dart                     Conjuration                  1
   b - Searing Ray                    Conjuration                  2
   c - Dazzling Spray                 Conjuration/Hexes            3
   d - Fulminant Prism                Conjuration/Hexes            4
   e - Iskenderun's Mystic Blast      Conjuration                  4
   f - Iskenderun's Battlesphere      Conjuration/Charms           5
Comestibles
 b - a bread ration
 j - 3 meat rations


   Skills:
 - Level 1.7 Dodging
 - Level 1.7 Stealth
 - Level 4.0 Spellcasting
 + Level 5.8 Conjurations


You had 9 spell levels left.
You knew the following spells:

 Your Spells              Type           Power        Failure   Level  Hunger
a - Magic Dart            Conj           ###.         1%          1    None
b - Searing Ray           Conj           ###...       2%          2    ##.....


Dungeon Overview and Level Annotations

Branches:
Dungeon (3/15)

Altars:
Kikubaaqudgha
Nemelex Xobeh
Pakellas
Qazlal
Yredelemnul

Annotations:
D:3 Grinder, Natasha


Innate Abilities, Weirdness & Mutations

((Your plain brown scales are hard (AC +5).))
Your body does not fit into most forms of armour.
((You are cold-blooded and may be slowed by cold attacks.))


Message History

The white imp completely misses you. The white imp gestures at you.
The puff of frost hits you!
You enter the shallow water.
Moving in this stuff is going to be slow.
The white imp gestures at you. The puff of frost hits you!
You enter the shallow water.
Moving in this stuff is going to be slow.
Your transformation is almost over.
The white imp gestures at you. The puff of frost hits you!
Natasha mumbles some strange words.
There is a collapsed entrance here.
The white imp gestures at you. The puff of frost hits you!
* * * LOW HITPOINT WARNING * * *
The white imp gestures at you. The puff of frost hits you!
You die...

*,,,,,,,,,,,,,,,,**,,,,,,**,
#.....#...,,,,,,,**,,,,,,**,
*****#.....#..,,,,,,,,**,,,,,,,,,
,,,,,...5..+..,,,,,,,,+,,,,,,,,>,
*****#........,,,,,,,,******,,,,,
,,,,,,,......##*###############.#
,,,,,,,,,..5≈≈###..≈##...........
,**,,,****#≈)5##≈..≈≈#.........#.
,**,,,* *#5≈#≈r≈#≈≈#...........
,**,,,*****#)≈#≈.≈#≈.#.........#.
,**,,,**,,,#.≈#≈.≈#≈≈#....†....#.
,**,,,**,,,#≈≈#≈.≈#≈≈#...........
,,,,,,,,,,,#≈≈#≈≈≈#≈.#...........
,<,,,,,,,,,#≈≈#≈.≈#≈≈#...........
,,,,,,,,,*,#≈.55≈##.≈#...........
*,,,,,,,,*,##h..###.≈≈...........
,,,,,,,,,*,,#####,##?..####......


You could see a crimson imp and a white imp.

Vanquished Creatures
  A big kobold (Sewer)
  A gnoll (D:1)
  5 adders
  2 river rats (Sewer)
  An ooze (D:2)
  A worm (D:1)
  2 dart slugs (D:1)
  8 giant geckos
  7 giant cockroaches
  8 goblins
  4 hobgoblins
  4 jackals
  A ball python (D:2)
  9 bats
  5 giant newts
  9 kobolds
  6 rats
74 creatures vanquished.

Notes
Turn   | Place    | Note
--------------------------------------------------------------
     0 | D:1      | TheGoonsmith the Draconian Conjurer began the quest for the Orb.
     0 | D:1      | Reached XP level 1. HP: 14/14 MP: 3/3
   114 | D:1      | Reached XP level 2. HP: 19/20 MP: 0/5
   710 | D:1      | Reached XP level 3. HP: 16/26 MP: 3/7
  1370 | D:1      | Learned a level 2 spell: Searing Ray
  1619 | D:2      | Reached XP level 4. HP: 33/33 MP: 1/10
  2012 | D:2      | Found an ancient bone altar of Kikubaaqudgha.
  2046 | D:2      | Found a stormy altar of Qazlal.
  2047 | D:2      | Found an oddly glowing altar of Pakellas.
  2119 | D:2      | Found a basalt altar of Yredelemnul.
  2120 | D:2      | Found a sparkling altar of Nemelex Xobeh.
  2369 | D:3      | Found a glowing drain.
  2416 | Sewer    | Entered a sewer
  2423 | Sewer    | Reached XP level 5. HP: 27/38 MP: 7/11
  2428 | Sewer    | Reached skill level 5 in Conjurations
  2806 | Sewer    | Found a glowing silver altar of Zin.
  2863 | D:3      | Noticed Natasha
  2865 | D:3      | Noticed Grinder
  2889 | D:3      | Killed from afar by a white imp

Vault maps used:
D:1:      dpeg_arrival_simpleton_c, kennysheep_pointless_box
D:2:      kiku_gazebo_pond_becter, nicolae_overflow_hidden_temple
D:3:      gup_sewer_entry_pipe, kennysheep_generic_room_3, uniq_grinder,
          uniq_crazy_yiuf_cottage, uniq_natasha
Sewer:    sewer_kobolds

Skill      XL: |  1  2  3  4  5 |
---------------+----------------+-----
Spellcasting   | 3 4 |  4.0
Conjurations   | 5 |  5.8
Dodging        | |  1.7
Stealth        | |  1.7

Action                   |  1- 3 |  4- 6 || total
-------------------------+-------+-------++-------
Melee: Unarmed           |    14 |       ||    14
       Tailslap          |     4 |     1 ||     5
       Spear             |    43 |    26 ||    69
 Cast: Magic Dart        |    85 |    85 ||   170
  Use: Scroll            |       |     6 ||     6
 Stab: Sleeping          |     1 |     2 ||     3
  Eat: Chunk             |     2 |     4 ||     6
Armor: Skin              |    29 |    11 ||    40
Dodge: Dodged            |    65 |    38 ||   103
